 Dungeon Crawl Stone Soup version 0.16.2-12-gd0ad4c3 (webtiles) character file.

79 SlimeFever the Ogre Mage (level 4, 0/41 HPs)
             Began as an Ogre Fire Elementalist on Feb 27, 2016.
             Slain by Terence
             ... wielding a +0 flail
              (2 damage)
             ... on level 3 of the Dungeon.
             The game lasted 00:15:52 (2644 turns).

SlimeFever the Ogre Mage (Ogre Fire Elementalist)   Turns: 2644, Time: 00:15:53

Health: 0/41       AC:  6    Str: 13    XL:     4   Next: 37%
Magic:  0/9        EV: 10    Int: 15    God:
Gold:   89         SH:  0    Dex: 10    Spells: 3 memorised, 3 levels left

rFire  . . .     SeeInvis .     e - +0 club
rCold  + . .     Clarity  .     a - +1 robe
rNeg   . . .     SustAb   .     (shield restricted)
rPois  .         Gourm    .     (helmet restricted)
rElec  .         Spirit   .     o - +1 cloak
rCorr  .         Warding  .     (gloves unavailable)
rMut   .         Stasis   .     (boots unavailable)
MR     .....                    (no amulet)
Stlth  +.........               (no ring)
                                h - ring of protection from cold

@: not resistant to hostile enchantments, very unstealthy
A: unfitting armour, tough skin 1
a: no special abilities


You were on level 3 of the Dungeon.
You were not hungry.

You visited 1 branch of the dungeon, and saw 3 of its levels.

You collected 89 gold pieces.

Inventory:

Hand weapons
 e - a +0 club (weapon)
Missiles
 g - 17 poisoned sling bullets
Armour
 a - a +1 robe (worn)
 o - a +1 cloak (worn)
Jewellery
 h - a ring of protection from cold (left hand)
Scrolls
 j - a scroll of identify
 p - a scroll of teleportation {unknown}
 r - a scroll of noise {unknown}
 s - a scroll of fog {unknown}
 t - a scroll of enchant weapon {unknown}
Potions
 d - a potion of degeneration {unknown}
 f - a potion of might {unknown}
 i - a potion of heal wounds {unknown}
 n - a potion of cancellation {unknown}
 q - 2 potions of flight
Books
 b - a book of Flames

   Spells                             Type                      Level
   a - Flame Tongue                   Conjuration/Fire             1
   b - Throw Flame                    Conjuration/Fire             2
   c - Conjure Flame                  Conjuration/Fire             3
   d - Inner Flame                    Hexes/Fire                   3
   e - Sticky Flame                   Conjuration/Fire             4
   f - Fireball                       Conjuration/Fire             5
Comestibles
 c - a meat ration
 l - 3 bread rations


   Skills:
 * Level 1.5 Fighting
 * Level 1.0 Maces & Flails
 + Level 2.2 Dodging
 + Level 2.1 Stealth
 + Level 3.0 Spellcasting
 + Level 0.9 Conjurations
 + Level 2.7 Fire Magic


You had 3 spell levels left.
You knew the following spells:

 Your Spells              Type           Power        Failure   Level  Hunger
a - Flame Tongue          Conj/Fire      #....        12%         1    #......
b - Throw Flame           Conj/Fire      #.....       14%         2    ##.....
c - Conjure Flame         Conj/Fire      #.......     30%         3    ###....


Dungeon Overview and Level Annotations

Branches:
Dungeon (3/15)

Altars:
Fedhas
Kikubaaqudgha

Annotations:
D:2 exclusion: oklob plant
D:3 Terence


Innate Abilities, Weirdness & Mutations

You are too large for most types of armour.
You have tough skin (AC +1).


Message History

Confirm with . or Enter, or press ? or * to list all spells.
Aiming: Flame Tongue
Press: ? - help, Shift-Dir - straight line, f/p - Terence
Aim: Terence, wielding a flail and wearing a scale mail (almost dead)
The flame tongue hits Terence.
Terence appears unharmed.
Terence is almost dead.
Terence barely misses you.
You barely miss Terence.
Terence is almost dead.
Terence hits you but does no damage.
Your magical contamination has completely faded away.
You barely miss Terence.
Terence is almost dead.
Terence looks scornfully at you. Terence hits you with a flail.
* * * LOW HITPOINT WARNING * * *
You hit Terence but do no damage.
Terence is almost dead.
Terence hits you with a flail.
You die...

...### ......#
#######........
..............#
...... .......## .
.....# #..... ...
.....#
#....#####......
.....#
+.....@@........
.....#
##..####.##.....
....†######..####.# .
##.##...............
##.###...##........#
##.###..............
....(†<.....#.###....
##.###......#.# ....
##.###......#.# .


You could see Terence.

Vanquished Creatures
  5 adders
  2 giant geckos (D:1)
  An ooze (D:2)
  3 bats
  A giant cockroach (D:1)
  2 goblins (D:1)
  4 hobgoblins
  2 jackals (D:2)
  7 kobolds
  3 giant newts
  5 rats
  3 fungi (D:2)
  4 plants (D:2)
42 creatures vanquished.

Notes
Turn   | Place    | Note
--------------------------------------------------------------
     0 | D:1      | SlimeFever, the Ogre Fire Elementalist, began the quest for the Orb.
     0 | D:1      | Reached XP level 1. HP: 16/16 MP: 3/3
   160 | D:1      | Reached XP level 2. HP: 24/24 MP: 5/5
   281 | D:1      | Learned a level 2 spell: Throw Flame
   983 | D:2      | Reached XP level 3. HP: 18/32 MP: 6/6
  1256 | D:2      | Reached skill level 1 in Fighting
  1268 | D:2      | Found an ancient bone altar of Kikubaaqudgha.
  1665 | D:2      | Found a blossoming altar of Fedhas.
  1693 | D:2      | Noticed an oklob plant
  2478 | D:2      | Reached skill level 1 in Maces & Flails
  2478 | D:2      | Reached skill level 3 in Spellcasting
  2478 | D:2      | Reached XP level 4. HP: 17/41 MP: 5/9
  2483 | D:2      | Learned a level 3 spell: Conjure Flame
  2587 | D:3      | Noticed Terence
  2643 | D:3      | HP: 2/41 [Terence/flail (4)]
  2644 | D:3      | Slain by Terence

Action                   |  1- 3 |  4- 6 || total
-------------------------+-------+-------++-------
Melee: Unarmed           |     8 |       ||     8
       Club              |   559 |    26 ||   585
 Cast: Flame Tongue      |    35 |    12 ||    47
       Conjure Flame     |       |     1 ||     1
  Use: Scroll            |     2 |     3 ||     5
 Stab: Sleeping          |     1 |       ||     1
  Eat: Fruit             |     3 |     3 ||     6
       Meat ration       |     1 |       ||     1
